 Dungeon Crawl Stone Soup version 0.31-a0-889-g1a8549509d (webtiles) character file.

Game seed: 661665927917951600

35 Error4North the Ruffian (level 3, -2/18 HPs)
             Began as a Draconian Shapeshifter on Oct 16, 2023.
             Slain by a gnoll
             ... wielding a +0 flail
              (4 damage)
             ... on level 2 of the Dungeon.
             The game lasted 00:08:51 (606 turns).

Error4North the Ruffian (Draconian Shapeshifter)     Turns: 606, Time: 00:08:51

Health: -2/18      AC:  5    Str: 18    XL:     3   Next: 16%
Magic:  3/3        EV: 12    Int: 10    God:
Gold:   42         SH:  0    Dex: 16    Spells: 2/2 levels left

rFire   . .          .
                       - Unarmed
rCold   . . .        (shield currently unavailable)
rNeg    . . .        (body armour unavailable)
rPois   .            (helmet restricted)
rElec   .            (no cloak)
rCorr   .            (no gloves)
SInv    .            (no boots)
Will    .....        (no amulet)
Stlth   +            e - +6 ring of dexterity
HPRegen 0.23/turn    (no ring)
MPRegen 0.08/turn

%: no passive effects
@: flux-form, glowing
A: glow, contaminating, reduced hp, AC +5, unfitting armour, cold-blooded
a: Begin Untransformation


You were on level 2 of the Dungeon.
You were something dangerously unstable.
You visited 1 branch of the dungeon, and saw 2 of its levels.

You collected 42 gold pieces.

Inventory:

Jewellery
 e - a +6 ring of dexterity (left hand)
Talismans
 b - a beast talisman
 c - a flux talisman (active)
Scrolls
 h - 2 scrolls of fog {unknown}
Potions
 a - a potion of lignification
 d - 3 potions of curing {unknown}
 f - a potion of brilliance {unknown}
 g - a potion of resistance {unknown}


   Skills:
 * Level 1.7 Fighting
 * Level 2.0 Dodging
 + Level 0.1 Stealth
 + Level 3.4 Unarmed Combat
 + Level 3.3 Shapeshifting


You had 2 spell levels left.
You didn't know any spells.
Your spell library was empty.

Dungeon Overview and Level Annotations

Branches:
Dungeon (2/15)

Altars:


Innate Abilities, Weirdness & Mutations

You are something dangerously unstable.
You glow with magical radiation, making you easy to see and hit.
Foes you strike become dangerously contaminated with magical radiation.
Your maximum health is decreased, since you lack skill for your form.
You are incapable of wielding weapons or throwing items.
Your plain brown scales are hard. (AC +5)
You cannot fit into any form of body armour.
You are cold-blooded and may be slowed by cold attacks.


Message History

You see here a worm corpse.
You now have 42 gold pieces (gained 10). 3 gnolls come into view.
A gnoll is wielding a +0 flail.
The gnoll shouts!
The gnoll shouts!
The gnoll throws a throwing net.
The throwing net completely misses you.
Press: ? - help, v - describe, . - travel
Here: a gnoll, wielding a +0 flail The floor.
Okay, then.
You begin transforming.
You continue transforming. x3
Your transformation has ended.
You turn into something dangerously unstable.
HP restored.
The gnoll hits you with a +0 whip.
You hit the gnoll.
The gnoll begins to glow.
You tail-slap the gnoll.
The gnoll is severely wounded.
The gnoll hits you with a +0 whip.
You barely miss the gnoll.
The gnoll is severely wounded.
The gnoll hits you with a +0 whip.
You hit the gnoll.
The gnoll glows dangerously bright.
The gnoll is severely wounded.
The gnoll completely misses you.
You hit the gnoll.
The gnoll shudders as magic cascades through it!
You kill the gnoll!
You have reached level 3!
Your experience leads to an increase in your attributes!
Your base attributes are Str 16, Int 10, Dex 10.
Increase (S)trength, (I)ntelligence, or (D)exterity?
You feel stronger. x2; Your scales feel tougher.
The gnoll hits you with a +0 flail!
Ouch! That really hurt!
* * * LOW HITPOINT WARNING * * *
Things that are here:
a +0 whip; a gnoll corpse You hit the gnoll.
The gnoll begins to glow.
The gnoll is lightly wounded.
The gnoll hits you with a +0 flail.
You die...

#..# # #.g# .#
#..# #####.#
#gg######.....#
#..........######.
#.######.#........
#.# ##.#..#####.
#.#####.....#####>
#ggp......†.......
#######...........
##.#..######
#....######..
###.....<....
#..^.......
##########.


You could see 2 gnolls.

Vanquished Creatures
  A gnoll (D:2)
  A worm (D:2)
  3 ball pythons (D:1)
  3 bats (D:1)
  An endoplasm (D:1)
  4 goblins (D:1)
  2 hobgoblins (D:1)
  2 kobolds (D:1)
  A frilled lizard (D:1)
  3 rats (D:1)
21 creatures vanquished.

Notes
Turn   | Place    | Note
-------+----------+-------------------------------------------
     0 | D:1      | Error4North the Draconian Shapeshifter began the quest for
                  | the Orb.
     0 | D:1      | Reached XP level 1. HP: 16/16 MP: 1/1
   163 | D:1      | Reached XP level 2. HP: 18/23 MP: 2/2
   605 | D:2      | Reached XP level 3. HP: 11/29 MP: 3/3
   606 | D:2      | Slain by a gnoll

Illustrated notes

Levels and vault maps discovered:
D:1:      onia_arrival_mini_spirals, layout_basic, minmay_misc_feat_chi
D:2:      layout_loops_ring, shapermc_ecumenical_altar_flowoftime,
          minmay_misc_feat_five, minmay_octomino_e4

Skill      XL: |  1  2 |
---------------+-------+-----
Dodging        | 2 |  2.0
Fighting       | |  1.7
Stealth        | |  0.1
Unarmed Combat | |  3.4
Shapeshifting  | |  3.3

Action                     || total
---------------------------++-------
  Melee: Unarmed           ||    53
         Tailslap          ||     3
   Stab: Sleeping          ||     1
 Armour: Skin              ||    28
  Dodge: Dodged            ||    26
         Form:             ||     2
         Flux              ||     2
         Beast             ||     1

Table legend: (Time is in decaauts)
 A = Elapsed time spent in this place.
 B = Non-inter-level travel time spent in this place.
 C = Inter-level travel time spent in this place.
 D = Time resting spent in this place.
 E = Time spent auto-exploring this place.
 F = Levels seen in this place.
 G = Mean time per level.
                   A        B        C        D        E       F      G
               +--------+--------+--------+--------+--------+-----+--------+
         Total |    604 |    573 |     31 |      0 |      7 |   2 |  302.0 |
       Dungeon |    604 |    573 |     31 |      0 |      7 |   2 |  302.0 |
               +--------+--------+--------+--------+--------+-----+--------+

Top non-repeatable levels by time:
     D:1: 558 daAuts
     D:2: 46 daAuts
